Selects Panzerjäger Kommand Battlegroup
Kradschützen Motorcycle Team
Construct Light Support Kompanie
Selects Defensive Positions
Construct Mechanized Kompanie
Selects Butterfly Bomb Drop
Selects Crew Shock Tactics
Panzerjäger Mechanized Group
254 Reconnaissance Tractor
Panzerjäger Mechanized Group
Selects Anti-tank Overwatch
Panzerjäger Mechanized Group
Marder III Tank Destroyer
Marder III Tank Destroyer